AoeStats
← damiansima

Black Forest

510006386Analyzed
4v4 RM · 3d ago on Sep 29, 2026· 33m 52s· 8 players
Game mode
Random Map
Map size
Large (8 player)
Population
200
Speed
Normal
Resources
Standard
Victory
Conquest
Starting age
Dark Age
Ending age
Imperial Age
RankedLock teamsTeams togetherTeam positionsShared explorationLock speedFull tech treeHidden civsTurbo modeCheats
Victory
Defeat
🇧🇷 Turks · Brazil
1147
+16
🇨🇴 Britons · Colombia
1131
+17
🇺🇸 Bohemians · United States
1113
+18
🇦🇷 Danes · Argentina
1100
+18
🇺🇸 Japanese · United States
1218
-20
🇺🇸 Danes · United States
1166
-18
🇺🇸 Saxons · United States
1151
-17
🇨🇳 Persians · China
1077
-14
Mata Ovejas
0:30 Loom
13:57 Feudal Age
21:33 Castle Age
22:07 Fletching
22:17 Padded Archer Armor
26:26 Crossbowman
32:05 Town Watch
32:56 Wheelbarrow
damiansima
12:16 Feudal Age
16:23 Castle Age
16:08 Double-Bit Axe
16:05 Horse Collar
16:46 Scale Mail Armor
16:57 Forging
16:40 Gold Mining
17:56 Bow Saw
18:29 Wheelbarrow
17:40 Loom
17:57 Heavy Plow
21:12 Squires
23:57 Pikeman
25:51 Chain Mail Armor
26:41 Iron Casting
25:53 Arson
30:03 Fletching
33:28 Imperial Age
31:21 Hand Cart
30:56 Town Watch
33:42 Capped Ram
33:45 Halberdier
Makarov99
1:45 Loom
12:47 Feudal Age
18:10 Castle Age
16:09 Horse Collar
16:18 Double-Bit Axe
19:18 Gold Mining
20:51 Fletching
32:07 Stone Mining
TheEel
7:26 Loom
14:22 Feudal Age
16:34 Double-Bit Axe
19:58 Castle Age
17:42 Horse Collar
21:18 Bow Saw
21:10 Heavy Plow
22:27 Wheelbarrow
26:50 Fervor
28:48 Chemistry
28:03 Redemption
28:47 Sanctity
29:27 Padded Archer Armor
30:55 Atonement
34:12 Imperial Age
33:34 Leather Archer Armor
34:16 Hand Cart
dong
2:18 Loom
10:40 Feudal Age
11:18 Double-Bit Axe
11:52 Gold Mining
12:42 Man-at-Arms
13:09 Arson
22:38 Castle Age
21:51 Scale Mail Armor
22:01 Forging
22:50 Long Swordsman
23:18 Gambesons
23:33 Squires
23:52 Chain Mail Armor
24:13 Iron Casting
30:42 Bow Saw
36:02 Imperial Age
DIYwoo
24:04 Feudal Age
26:29 Feudal Age
一杯茶
11:20 Feudal Age
15:09 Castle Age
13:56 Double-Bit Axe
14:53 Horse Collar
24:06 Heavy Plow
27:09 Bow Saw
29:04 Wheelbarrow
32:56 Imperial Age
32:18 Scale Mail Armor
32:28 Forging
33:58 Conscription
33:01 Northmen's Fury
king vitt
0:30 Loom
16:50 Feudal Age
18:00 Wheelbarrow
17:14 Double-Bit Axe
17:13 Horse Collar
18:08 Stone Mining
18:11 Gold Mining
21:37 Castle Age
22:18 Hand Cart
22:54 Heavy Plow
23:08 Bow Saw
25:37 Stone Shaft Mining
Connection lost

Rejoining the realm…

Still unreachable

The connection could not be restored.

Session expired

The server has moved on; the page needs a fresh start.